 Dungeon Crawl Stone Soup version 0.30-a0-1161-g0704695555 (webtiles) character file.

Game seed: 6157402843573682921

1982 kae the Transmogrifier (level 9, 0/88 HPs)
             Began as a Merfolk Transmuter on Apr 27, 2023.
             Was an Initiate of Ru.
             Succumbed to a killer bee's poison
             ... on level 6 of the Dungeon.
             The game lasted 00:09:00 (8066 turns).

kae the Transmogrifier (Merfolk Transmuter)         Turns: 8066, Time: 00:09:01

Health: 0/88       AC: 24    Str: 10    XL:     9   Next: 20%
Magic:  2/16       EV:  2    Int: 16    God:    Ru [......]
Gold:   316        SH:  0    Dex: 15    Spells: 8/18 levels left

rFire   + .          .
                       - Unarmed
rCold   . . .        (no shield)
rNeg    . . .        a - melded +0 robe
rPois   +            (helmet currently unavailable)
rElec   .            (cloak currently unavailable)
rCorr   .            (gloves currently unavailable)
SInv    +            (boots currently unavailable)
Will    .....        G - amulet of guardian spirit
Stlth   +            F - ring of protection from fire
HPRegen 0.34/turn    v - ring of see invisible
MPRegen 0.15/turn

%: guardian spirit
@: lethally poisoned (0 -> -12), tree-form
A: stationary, stasis, torment immunity, boosted hp, (nimble swimmer 2),
(mertail)
a: Renounce Religion


You were on level 6 of the Dungeon.
You worshipped Ru.
Ru was noncommittal.
You were a tree.
You visited 2 branches of the dungeon, and saw 8 of its levels.

You collected 316 gold pieces.


Innate Abilities, Weirdness & Mutations

You are a tree.
Your roots penetrate the ground, keeping you stationary.
You cannot be teleported.
You are immune to unholy pain and torment.
Your maximum health is greatly increased.
Your equipment is partially melded.
((You are very nimble when in or above water. (Stealth+, EV+, Speed+++)))
((Your lower body shifts to a powerful aquatic tail in water.))


   Skills:
 - Level 1.1 Fighting
 - Level 2.6 Dodging
 + Level 6.7 Unarmed Combat
 + Level 5.2 Spellcasting
 + Level 8.3 Transmutations
 * Level 6.7 Ice Magic
 - Level 2.0 Poison Magic


You had 8 spell levels left.
You knew the following spells:

 Your Spells              Type           Power      Damage    Failure   Level
a - Beastly Appendage     Tmut           60%        N/A       1%          1
b - Wereblood             Tmut           30%        N/A       1%          2
c - Spider Form           Tmut/Pois      20%        N/A       5%          3
d - Ice Form              Ice/Tmut       28%        N/A       7%          4

Your spell library contained the following spells:

 Spells                   Type           Power      Damage    Failure   Level
 Freeze                   Ice            100%       1d10      1%          1
 Ignite Poison            Fire/Tmut/Pois 15%        N/A       11%         3
 Slow                     Hex            16%        N/A       16%         1
 Lesser Beckoning         Tloc           8%         N/A       22%         2
 Scorch                   Fire           8%         2d5       22%         2
 Gell's Gravitas          Tloc           4%         N/A       41%         3
 Teleport Other           Tloc           4%         N/A       41%         3
 Flame Wave               Conj/Fire      4%         2d5       83%         4
 Sticky Flame             Conj/Fire      4%         2d3       83%         4
 Summon Cactus Giant      Summ           2%         N/A       100%        6
 Ignition                 Fire           2%         3d3       100%        8

Inventory:

Hand Weapons
 k - a +0 dagger of flaming
   (You took it off a goblin on level 1 of the Dungeon)
Missiles
 c - 22 stones
 d - 15 poisoned darts
 j - 4 throwing nets {=f!f}
 m - 5 silver javelins
 p - 8 boomerangs
Armour
 a - a +0 robe (melded)
 q - a +1 cloak
   (You took it off Crazy Yiuf on level 4 of the Dungeon)
Magical Staves
 b - a staff of death {!a}
   (You found it on level 4 of the Dungeon)
 g - a staff of air {!a}
   (You found it on level 1 of the Dungeon)
Jewellery
 v - a ring of see invisible (right branch)
   (You found it on level 6 of the Dungeon)
 F - a ring of protection from fire (left branch)
   (You found it on level 2 of the Dungeon)
 G - an amulet of guardian spirit (around neck)
   (You took it off a goblin on level 4 of the Dungeon)
Wands
 i - a wand of polymorph (17)
   (You found it on level 3 of the Dungeon)
Scrolls
 e - a scroll of teleportation {@r4}
 h - 5 scrolls of poison {!r}
 o - a scroll of torment {!r}
 s - 2 scrolls of fog
 t - a scroll of identify {@r1}
 u - a scroll of enchant armour
Potions
 f - 2 potions of magic
 l - a potion of might
 n - a potion of haste {@q3}
 r - a potion of flight

Dungeon Overview and Level Annotations

Branches:
Dungeon (7/15) Zot: 26987  Temple (1/1) D:6 Zot: 5935

Altars:
Ashenzari
Cheibriados
Dithmenos
Elyvilon
Gozag
Kikubaaqudgha
Nemelex Xobeh
Okawaru
Qazlal
Ru
Sif Muna
Trog
Uskayaw
Wu Jian
Yredelemnul
Zin
The Shining One

Annotations:
D:4 Ijyb

#.#.# ##.#.#.......#..#
....# #....#.......#..#
..#.# #.##.#.......#..#
..#.###.##.#########..#
..#...................#
..#...........####..#.#
..#####.####.#.###....#
..#####.###.###.##.>###
...........## ##♣†y.#
#..#####.##.###.##.##
#..# #.###.#^##...#
<..### #.# ##.......#
.#...# #.# #..##...#
...#.# #.# #..######
##.#.# #.####..#
##.#.###.......#
......######...#


You could see a killer bee.


Message History

The killer bee buzzes angrily. x2
The killer bee closely misses you. The killer bee barely misses you.
The killer bee buzzes angrily.
The killer bee stings you!
You are poisoned.
The killer bee poisons you!
The killer bee stings you but does no damage.
The killer bee stings you.
You are more poisoned.
The killer bee poisons you! The killer bee barely misses you.
You climb upwards.
You feel extremely sick.
There is a stone staircase leading down here. 😮 HP[-19] MP[-2]
You take 19 damage, and now have 40/59 hp.
MASSIVE DAMAGE!! (PAUSE)
You lost 2 mp, and now have 14/16 mp.
The killer bee attacks as you move away!
The killer bee stings you.
You are more poisoned.
The killer bee poisons you!
You feel very sick. The killer bee stings you.
* * * LOW HITPOINT WARNING * * *
The killer bee misses you.
The killer bee barely misses you. 😨 HP[-12] MP[-3]
You take 12 damage, and now have 28/59 hp.
MASSIVE DAMAGE!! (PAUSE)
You lost 3 mp, and now have 11/16 mp.
You feel very sick. The killer bee barely misses you.
The killer bee closely misses you. x2 😨 HP[-3]
You take 3 damage, and now have 25/59 hp.
The killer bee attacks as you move away!
The killer bee stings you.
* * * LOW HITPOINT WARNING * * *
You are more poisoned.
The killer bee poisons you!
* * * LOW HITPOINT WARNING * * *
You feel very sick. The killer bee stings you.
* * * LOW HITPOINT WARNING * * *
You are lethally poisoned!
The killer bee poisons you! 😨 HP[-10] MP[-3]
You take 10 damage, and now have 15/59 hp.
You lost 3 mp, and now have 8/16 mp.
Casting: Wereblood (safe; 1% risk of failure)
Confirm with . or Enter, or press ? or * to list all spells.
You turn into a creature of crystalline ice.
Your +0 robe melds into your body.
* * * LOW HITPOINT WARNING * * *
You feel very sick. The killer bee barely misses you. x2
* * * LOW HITPOINT WARNING * * *
You feel very sick.
The killer bee stings you but does no damage.
The killer bee closely misses you. 😱 HP[-5] MP[-4]
You now have 70 max hp (+11).
You lost 4 mp, and now have 4/16 mp.
Unknown command.
Okay, then.
Okay, then.
Really quaff
w - a potion of lignification {!q}?
Really quaff the potion of lignification?
You warm up again.
Your +0 robe unmelds from your body.
You turn into a tree.
Your +0 robe melds into your body.
Your roots penetrate the ground.
* * * LOW HITPOINT WARNING * * *
You feel very sick. The killer bee barely misses you.
The killer bee stings you but does no damage. 😱 HP[-2] MP[+1]
You now have 88 max hp (+18).
Okay, then.
You hit the killer bee.
* * * LOW HITPOINT WARNING * * *
You feel sick.
The killer bee stings you but does no damage. 😱 HP[-1]
You take 1 damage, and now have 7/88 hp.
You closely miss the killer bee.
* * * LOW HITPOINT WARNING * * *
You feel sick.
The killer bee stings you but does no damage. x2 😱 HP[-2]
You take 2 damage, and now have 5/88 hp.
You hit the killer bee but do no damage.
* * * LOW HITPOINT WARNING * * *
You feel sick. The killer bee stings you.
* * * LOW HITPOINT WARNING * * *
You are more poisoned.
The killer bee poisons you!
The killer bee stings you but does no damage. 😱 HP[-3] MP[-3]
You take 3 damage, and now have 2/88 hp.
You lost 3 mp, and now have 2/16 mp.
You smack the killer bee!
You kill the killer bee!
You die...

Skill      XL: |  1  2  3  4  5  6  7  8  9 |
---------------+----------------------------+-----
Transmutations | 3 4 5 6 7 8 |  8.3
Poison Magic   | 1 2 |  2.0
Unarmed Combat | 4 5 6 |  6.7
Spellcasting   | 3 4 5 |  5.2
Ice Magic      | 2 4 6 |  6.7
Fighting       | |  1.1
Dodging        | |  2.6

Action                     |  1- 3 |  4- 6 |  7- 9 || total
---------------------------+-------+-------+-------++-------
  Melee: Unarmed           |    44 |   135 |   124 ||   303
         Headbutt          |    14 |    16 |       ||    30
         Dagger            |    54 |    64 |       ||   118
         Punch             |     2 |     2 |       ||     4
   Cast: Beastly Appendage |    21 |    14 |       ||    35
         Spider Form       |     3 |    18 |     2 ||    23
         Wereblood         |       |     5 |     6 ||    11
         Ice Form          |       |     1 |    19 ||    20
  Evoke: Wand              |       |     7 |    12 ||    19
    Use: Scroll            |     4 |     6 |     3 ||    13
         Potion            |     1 |     4 |     3 ||     8
   Stab: Sleeping          |     2 |     1 |       ||     3
 Armour: Robe              |    11 |     7 |     1 ||    19
         Skin              |       |    12 |    42 ||    54
  Dodge: Dodged            |    78 |   134 |    93 ||   305

Levels and vault maps discovered:
D:1:      dpeg_arrival_rooms_b, layout_loops_corners,
          shapermc_ecumenical_altar_notcrosses, minmay_liquid_box
D:2:      layout_basic
D:3:      layout_rooms, marbit_many_paths,
          mainiacjoe_overflow_concentric_impassable, uniq_natasha
D:4:      minmay_spotlight, layout_basic, slow_altar_2,
          gammafunk_temple_overflow_elements, uniq_crazy_yiuf_cottage,
          uniq_robin, uniq_ijyb
D:5:      cheibrodos_two_vegetables, layout_basic,
          nzn_overflow_gifts_of_might_and_magic, lemuel_coloured_pillars_altar,
          chequers_serial_rivers_micro_d, uniq_eustachio
D:6:      layout_loops_ring, lemuel_tele_altar, minmay_temple_entry_sparse_star
D:7:      layout_basic, nzn_hepliaklqana_mist_gate, nicolae_nh_ransacked_shop
Temple:   nicolae_temple_ecumenical_triangle

Notes
Turn   | Place    | Note
-------+----------+-------------------------------------------
     0 | D:1      | kae the Merfolk Transmuter began the quest for the Orb.
     0 | D:1      | Reached XP level 1. HP: 15/15 MP: 3/3
     0 | D:1      | magus.rc [v1.11.3]
    27 | D:1      | You pick up a book of Scorching and begin reading...
    27 | D:1      | You add the spells Scorch, Flame Wave and Summon Cactus
                  | Giant to your library.
    80 | D:1      | Reached skill level 3 in Transmutations
   179 | D:1      | Found a faded altar of an unknown god.
   296 | D:1      | Reached XP level 2. HP: 18/21 MP: 3/5
   907 | D:2      | You fall into a shaft and drop 1 floor!
   933 | D:2      | HP: 5/21 [quokka (3)]
   939 | D:2      | HP: 3/21 [quokka (1)]
  1020 | D:2      | Learned a level 2 spell: Wereblood
  1050 | D:2      | Reached XP level 3. HP: 26/26 MP: 4/6
  1054 | D:2      | Learned a level 3 spell: Spider Form
  1071 | D:2      | Reached skill level 1 in Poison Magic
  1932 | D:3      | HP: 4/26 [gnoll/+0 flail (9)]
  1934 | D:3      | Reached skill level 4 in Transmutations
  1934 | D:3      | Reached XP level 4. HP: 6/32 MP: 0/7
  2272 | D:3      | Found a white marble altar of Elyvilon.
  2434 | D:3      | Noticed Natasha
  2524 | D:3      | Killed Natasha
  2525 | D:3      | Reached skill level 4 in Unarmed Combat
  2588 | D:3      | Reached XP level 5. HP: 35/37 MP: 7/9
  2741 | D:3      | Reached skill level 2 in Poison Magic
  2792 | D:3      | Found a broken altar of Ashenzari.
  3024 | D:3      | Noticed Natasha
  3032 | D:3      | Killed Natasha
  3033 | D:3      | Reached skill level 5 in Transmutations
  3037 | D:3      | Noticed Natasha
  3039 | D:3      | HP: 7/37 [Natasha/magic dart (7)]
  3045 | D:3      | HP: 8/55 [Natasha/puff of flame (2)]
  3049 | D:3      | Killed Natasha
  3214 | D:4      | Noticed Ijyb
  3253 | D:4      | Found a runed translucent door.
  3254 | D:4      | Noticed Crazy Yiuf
  3338 | D:4      | Reached skill level 3 in Spellcasting
  3338 | D:4      | Reached XP level 6. HP: 28/43 MP: 5/10
  3615 | D:4      | You pick up a book of Displacement and begin reading...
  3615 | D:4      | You add the spells Lesser Beckoning, Gell's Gravitas and
                  | Teleport Other to your library.
  3795 | D:4      | Learned a level 4 spell: Ice Form
  3828 | D:4      | Reached skill level 6 in Transmutations
  3960 | D:4      | Reached skill level 1 in Ice Magic
  4093 | D:4      | Noticed Robin
  4107 | D:4      | HP: 7/43 [Robin/+0 mace (8)]
  4111 | D:4      | Killed Robin
  4112 | D:4      | HP: 9/64 [poisoned by a goblin]
  4420 | D:4      | Found a snail-covered altar of Cheibriados.
  4535 | D:4      | Killed Crazy Yiuf
  4680 | D:5      | Entered Level 5 of the Dungeon
  4822 | D:5      | Reached skill level 2 in Ice Magic
  4822 | D:5      | Reached XP level 7. HP: 46/48 MP: 8/12
  4874 | D:5      | Reached skill level 5 in Unarmed Combat
  5008 | D:5      | Noticed Eustachio
  5026 | D:5      | Killed Eustachio
  5027 | D:5      | Reached skill level 3 in Ice Magic
  5281 | D:5      | Reached skill level 4 in Spellcasting
  5333 | D:5      | HP: 7/57 [acid dragon/splash of acid (28)]
  5339 | D:5      | HP: 5/57 [acid dragon (3)]
  5341 | D:5      | Reached skill level 7 in Transmutations
  5341 | D:5      | Reached skill level 4 in Ice Magic
  5341 | D:5      | Reached XP level 8. HP: 6/54 MP: 0/14
  5629 | D:5      | HP: 8/54 [electric eel/bolt of electricity (6)]
  6015 | D:5      | Reached skill level 5 in Ice Magic
  6016 | D:5      | Found a shimmering blue altar of Sif Muna.
  6026 | D:5      | You add the spells Slow and Freeze to your library.
  6026 | D:5      | Got Sif Muna's Compilation of Snow and Ensorcelling
  6054 | D:5      | Found a bloodstained altar of Trog.
  6065 | D:5      | Reached skill level 6 in Unarmed Combat
  6487 | D:5      | Found a sparkling altar of Nemelex Xobeh.
  6600 | D:6      | Found a staircase to the Ecumenical Temple.
  6616 | D:6      | HP: 11/64 [iguana (6)]
  6619 | D:6      | Reached skill level 6 in Ice Magic
  6620 | D:6      | HP: 4/64 [poisoned by a water moccasin]
  6771 | D:6      | Reached skill level 8 in Transmutations
  6771 | D:6      | Reached XP level 9. HP: 59/59 MP: 10/16
  6795 | D:6      | Reached skill level 5 in Spellcasting
  6968 | D:5      | HP: 17/70 [poisoned by a gnoll]
  7257 | Temple   | Entered the Ecumenical Temple
  7316 | Temple   | Became a worshipper of Ru the Awakened
  7425 | D:6      | You add the spells Ignite Poison, Sticky Flame and Ignition
                  | to your library.
  7485 | D:6      | Identified the +5 plate armour of the Hills {Rampage Fly
                  | rPois}
  7550 | D:6      | Found a hide-covered altar of Uskayaw.
  8060 | D:6      | HP: 13/70 [poisoned by a killer bee]
  8064 | D:6      | HP: 5/88 [poisoned by a killer bee]
  8065 | D:6      | HP: 2/88 [killer bee (2)]
  8066 | D:6      | Succumbed to a killer bee's poison

Vanquished Creatures
  Eustachio (D:5)
  An acid dragon (D:5)
  A water moccasin (D:6)
  An orc warrior (D:5)
  2 ice beasts
  A black bear (D:5)
  2 ogres
  5 scorpions
  A killer bee (D:6)
  6 electric eels (D:5)
  An orc priest (D:4)
  Crazy Yiuf (D:4)
  A gnoll bouda (D:5)
  An iron imp (D:4)
  Natasha (thrice) (D:3)
  3 iguanas
  An orc wizard (D:5)
  Robin (D:4)
  13 gnolls
  4 adders
  3 worms
  4 dart slugs
  19 orcs
  6 ball pythons
  10 endoplasms
  3 giant cockroaches
  11 goblins
  6 hobgoblins
  10 jackals
  4 quokkas
  A bat (D:1)
  3 frilled lizards
  5 kobolds
  5 rats
140 creatures vanquished.

Vanquished Creatures (others)
  3 plants (D:5)
3 creatures vanquished.

Grand Total: 143 creatures vanquished

Table legend:
 A = Non-vault XP
 B = Vault XP
 C = Vault XP percentage of total XP
 D = Non-vault monster count
 E = Vault monster count
 F = Vault count percentage of total count
                 A         B        C        D         E       F
            +---------+---------+-------+---------+---------+-------
      Total |    1756 |    1135 |  39.3 |     111 |      29 |  20.7
            +---------+---------+-------+---------+---------+-------
        D:1 |      22 |       0 |   0.0 |      14 |       0 |   0.0
        D:2 |      32 |       0 |   0.0 |      17 |       0 |   0.0
        D:3 |     164 |      49 |  23.0 |      21 |       2 |   8.7
        D:4 |     190 |     122 |  39.1 |      25 |      15 |  37.5
        D:5 |     633 |     964 |  60.4 |      17 |      12 |  41.4
        D:6 |     715 |       0 |   0.0 |      17 |       0 |   0.0
            +---------+---------+-------+---------+---------+-------

Skill      XL: |  1  2  3  4  5  6  7  8  9 |
---------------+----------------------------+-----
Transmutations | 3 4 5 6 7 8 |  8.3
Poison Magic   | 1 2 |  2.0
Unarmed Combat | 4 5 6 |  6.7
Spellcasting   | 3 4 5 |  5.2
Ice Magic      | 2 4 6 |  6.7
Fighting       | |  1.1
Dodging        | |  2.6

Action                     |  1- 3 |  4- 6 |  7- 9 || total
---------------------------+-------+-------+-------++-------
  Melee: Unarmed           |    44 |   135 |   124 ||   303
         Headbutt          |    14 |    16 |       ||    30
         Dagger            |    54 |    64 |       ||   118
         Punch             |     2 |     2 |       ||     4
   Cast: Beastly Appendage |    21 |    14 |       ||    35
         Spider Form       |     3 |    18 |     2 ||    23
         Wereblood         |       |     5 |     6 ||    11
         Ice Form          |       |     1 |    19 ||    20
  Evoke: Wand              |       |     7 |    12 ||    19
    Use: Scroll            |     4 |     6 |     3 ||    13
         Potion            |     1 |     4 |     3 ||     8
   Stab: Sleeping          |     2 |     1 |       ||     3
 Armour: Robe              |    11 |     7 |     1 ||    19
         Skin              |       |    12 |    42 ||    54
  Dodge: Dodged            |    78 |   134 |    93 ||   305

Illustrated notes

Table legend:
 A = Kills in this place as a percentage of kills in the entire game.
 B = Kills by you in this place as a percentage of kills by you in the entire game.
 C = Kills by friends in this place as a percentage of kills by friends in the entire game.
 D = Other kills in this place as a percentage of other kills in the entire game.
 E = Experience gained in this place as a percentage of experience gained in the entire game.
 F = Experience gained in this place divided by the number of levels of this place that you have seen.
                   A       B       C       D       E      F
               +-------+-------+-------+-------+-------+----------------------
         Total | 100.0 | 100.0 |   N/A |   N/A | 100.0 | 361.4
       Dungeon | 100.0 | 100.0 |   N/A |   N/A | 100.0 | 413.0
               +-------+-------+-------+-------+-------+----------------------

Table legend: (Time is in decaauts)
 A = Elapsed time spent in this place.
 B = Non-inter-level travel time spent in this place.
 C = Inter-level travel time spent in this place.
 D = Time resting spent in this place.
 E = Time spent auto-exploring this place.
 F = Levels seen in this place.
 G = Mean time per level.
                   A        B        C        D        E       F      G
               +--------+--------+--------+--------+--------+-----+--------+
         Total |   8017 |   7742 |    275 |    709 |   5804 |   8 | 1002.1 |
       Dungeon |   7953 |   7683 |    270 |    709 |   5759 |   7 | 1136.1 |
        Temple |     64 |     59 |      5 |      0 |     45 |   1 |   64.0 |
               +--------+--------+--------+--------+--------+-----+--------+

Top non-repeatable levels by time:
     D:5: 2326 daAuts
     D:4: 1488 daAuts
     D:2: 1187 daAuts
     D:3: 1088 daAuts
     D:6: 959 daAuts
     D:1: 899 daAuts
  Temple: 64 daAuts
     D:7: 2 daAuts
